 Dungeon Crawl Stone Soup version 0.31-a0-233-g139696dc86 (webtiles) character file.

Game seed: 9185510470563950451

66 pokeman the Magician (level 3, -2/20 HPs)
             Began as a Deep Elf Hedge Wizard on July 7, 2023.
             Slain by Jessica
             ... wielding a +0 club
              (7 damage)
             ... on level 2 of the Dungeon.
             The game lasted 00:04:09 (2064 turns).

pokeman the Magician (Deep Elf Hedge Wizard)        Turns: 2064, Time: 00:04:09

Health: -2/20      AC:  5    Str:  7    XL:     3   Next: 96%
Magic:  1/11       EV: 12    Int: 20    God:
Gold:   144        SH:  0    Dex: 14    Spells: 4/12 levels left

rFire   . . .        b - +0 whip (elec)
rCold   . . .        (no shield)
rNeg    . . .        h - +2 robe {Will+}
rPois   .            c - +0 hat
rElec   .            (no cloak)
rCorr   .            l - +0 pair of gloves
SInv    .            (no boots)
Will    +....        (no amulet)
Stlth   ++           (no ring)
HPRegen 0.23/turn    (no ring)
MPRegen 0.12/turn

%: no passive effects
@: no status effects
A: no striking features
a: no special abilities


You were on level 2 of the Dungeon.
You visited 1 branch of the dungeon, and saw 2 of its levels.

You collected 144 gold pieces.

Inventory:

Hand Weapons
 b - a +0 whip of electrocution (weapon)
Armour
 c - a +0 hat (worn)
 g - a +0 buckler
 h - a +2 robe of willpower (worn)
 l - a +0 pair of gloves (worn)
Scrolls
 a - a scroll of amnesia {unknown}
 e - a scroll of silence {unknown}
 f - 2 scrolls of identify {unknown}
 j - a scroll of noise {unknown}
 k - a scroll of acquirement {unknown}
 m - a scroll of poison {unknown}
Potions
 d - a potion of magic
 i - 2 potions of curing {unknown}
 n - a potion of haste {unknown}


   Skills:
 - Level 1.0 Fighting
 - Level 1.0 Armour
 + Level 2.5 Dodging
 - Level 2.4 Stealth
 + Level 0.1 Shields
 * Level 5.4 Spellcasting
 + Level 2.1 Conjurations
 - Level 1.1 Summonings
 - Level 1.1 Translocations


You had 4 spell levels left.
You knew the following spells:

 Your Spells              Type           Power      Damage    Failure   Level
a - Magic Dart            Conj           52%        1d5       4%          1
b - Mephitic Cloud        Conj/Pois/Air  8%         N/A       26%         3
c - Call Imp              Summ           18%        N/A       11%         2
d - Blink                 Tloc           18%        N/A       11%         2

Your spell library contained the following spells:

 Spells                   Type           Power      Damage    Failure   Level
 Slow                     Hex            20%        N/A       11%         1
 Cigotuvi's Dreadful Rot  Necr/Pois/Air  10%        N/A       17%         2


Dungeon Overview and Level Annotations

Branches:
Dungeon (2/15)

Altars:

Shops:
D:2 :

Annotations:
D:2 Jessica


Message History

Casting: Magic Dart (safe; 4% risk of failure)
Confirm with . or Enter, or press ? or * to list all spells.
You don't have enough magic to cast this spell.
There are monsters nearby!
You barely miss Jessica.
Jessica gestures wildly while chanting.
Jessica blinks!
Jessica gestures at you while chanting. You resist with some effort.
Jessica completely misses you.
Casting: Magic Dart (safe; 4% risk of failure)
Confirm with . or Enter, or press ? or * to list all spells.
A tiny devil pulls itself out of the air.
Jessica casts a spell at you. You resist with almost no effort.
Jessica hits you with a +0 club.
Unknown command.
You barely miss Jessica. Jessica hits you but does no damage.
Your cerulean imp hits Jessica but does no damage.
Unknown command.
You hit Jessica.
Jessica is moderately wounded.
Jessica completely misses you. Jessica barely misses you.
Your cerulean imp closely misses Jessica.
Unknown command.
You closely miss Jessica.
Jessica is moderately wounded.
Jessica barely misses you.
Your cerulean imp barely misses Jessica.
Jessica hits you with a +0 club.
* * * LOW HITPOINT WARNING * * *
Unknown command.
You closely miss Jessica.
Jessica is moderately wounded.
Jessica barely misses you.
Your cerulean imp barely misses Jessica.
Unknown command.
You hit Jessica.
Jessica is severely wounded.
Jessica hits you with a +0 club!
You die...

#####... .......#+#
#....#.##########
#.##.............
#...............<
...####.##w.###########
#.....5w.......)..
..####@##..######
#@##..########
#.##.##..#......# #...
#........#......#
#..##########.##......#
#..............†......#
#....####...#.##.######
#.....# #...#.##.# ####
#..#..# #[..#.##.# ### ...#
#..#..###...#.##.########..


You could see a worm, Jessica (fast, ally target) and a friendly cerulean imp
(summoned).

Vanquished Creatures
  An adder (D:2)
  A worm (D:2)
  3 dart slugs (D:1)
  5 ball pythons
  3 bats
  3 endoplasms (D:1)
  3 goblins (D:2)
  3 hobgoblins
  5 quokkas
  5 frilled lizards
  6 kobolds
  9 rats (D:1)
47 creatures vanquished.

Notes
Turn   | Place    | Note
-------+----------+-------------------------------------------
     0 | D:1      | pokeman the Deep Elf Hedge Wizard began the quest for the
                  | Orb.
     0 | D:1      | Reached XP level 1. HP: 10/10 MP: 7/7
   236 | D:1      | Reached XP level 2. HP: 16/16 MP: 6/9
   719 | D:1      | Reached skill level 5 in Spellcasting
   995 | D:1      | Reached XP level 3. HP: 20/20 MP: 8/11
   999 | D:1      | Learned a level 3 spell: Mephitic Cloud
  1002 | D:1      | Learned a level 2 spell: Call Imp
  1005 | D:1      | Learned a level 2 spell: Blink
  1370 | D:2      | Found Qylosyg's Book Shoppe.
  1684 | D:2      | Reached skill level 1 in Fighting
  1704 | D:2      | Reached skill level 1 in Armour
  2047 | D:2      | Noticed Jessica
  2064 | D:2      | Slain by Jessica

Illustrated notes

Levels and vault maps discovered:
D:1:      dreamdust_arrival_beginning_and_end, layout_loops_ring,
          minmay_misc_feat_rows, minmay_misc_feat_x, minmay_rat_gold_closets
D:2:      layout_basic, serial_shops, nicolae_shop_rolling_square, uniq_jessica

Skill      XL: |  1  2  3 |
---------------+----------+-----
Spellcasting   | 5 |  5.4
Fighting       | 1 |  1.0
Armour         | 1 |  1.0
Conjurations   | 2 |  2.1
Dodging        | |  2.5
Stealth        | |  2.4
Shields        | |  0.1
Summonings     | |  1.1
Translocations | |  1.1

Action                     || total
---------------------------++-------
  Melee: Dagger            ||     5
         Whip              ||    14
   Cast: Magic Dart        ||   103
         Mephitic Cloud    ||     2
         Call Imp          ||     1
   Stab: Sleeping          ||     1
         Confused          ||     1
 Armour: Robe              ||     8
  Dodge: Dodged            ||    15

Table legend: (Time is in decaauts)
 A = Elapsed time spent in this place.
 B = Non-inter-level travel time spent in this place.
 C = Inter-level travel time spent in this place.
 D = Time resting spent in this place.
 E = Time spent auto-exploring this place.
 F = Levels seen in this place.
 G = Mean time per level.
                   A        B        C        D        E       F      G
               +--------+--------+--------+--------+--------+-----+--------+
         Total |   2064 |   2032 |     32 |      0 |   1751 |   2 | 1032.0 |
       Dungeon |   2064 |   2032 |     32 |      0 |   1751 |   2 | 1032.0 |
               +--------+--------+--------+--------+--------+-----+--------+

Top non-repeatable levels by time:
     D:1: 1360 daAuts
     D:2: 703 daAuts
